 Dungeon Crawl Stone Soup version 0.30.1-9-gdf580d7c3d (webtiles) character file.

Game seed: 15341308157351514735

23699 monsoonserge the Skirmisher (level 12, -12/64 HPs)
             Began as a Spriggan Hunter on Oct 19, 2023.
             Was a High Priest of Okawaru.
             Mangled by Sonja
             ... wielding a +0 dagger of distortion
              (21 damage)
             ... on level 3 of the Lair of Beasts.
             The game lasted 00:55:35 (13999 turns).

monsoonserge the Skirmisher (Spriggan Hunter)      Turns: 13999, Time: 00:55:36

Health: -12/64     AC: 17    Str:  3    XL:     12   Next: 74%
Magic:  19/19      EV: 22    Int: 14    God:    Okawaru [*****.]
Gold:   888        SH:  0    Dex: 22    Spells: 11/11 levels left

rFire   + . .        Q - +12 pair of quick blades "Gyre" and "Gimble" {protect}
rCold   + . .        (shield currently unavailable)
rNeg    . . .        R - +1 robe {Will+}
rPois   +            c - +4 hat of Oblivion {rPois Will+ Str-4}
rElec   .            F - +2 cloak
rCorr   .            (gloves unavailable)
SInv    +            (boots unavailable)
Will    +++++        C - amulet of regeneration
Stlth   ++++         y - ring "Paiz" {rF+ Will+ Int+2}
HPRegen 0.00/turn    N - ring of protection from cold
MPRegen 0.16/turn

%: no passive effects
@: under a protective aura, sick, very quick
A: very small, no large weapons, unfitting armour, see invisible, speed 3
a: Renounce Religion, Heroism, Finesse, Duel


You were on level 3 of the Lair of Beasts.
You worshipped Okawaru.
Okawaru was extremely pleased with you.
You visited 3 branches of the dungeon, and saw 15 of its levels.
You visited the Abyss 1 time.
You also visited: Sewer, Ossuary and Gauntlet.

You collected 1018 gold pieces.
You spent 130 gold pieces at shops.

Inventory:

Hand Weapons
 b - the +2 arbalest of Wyluasynt {drain, +Blink rN+ Dex+4}
   (You took it off a minotaur in a Gauntlet)

   Dex:       It affects your dexterity (+4).
   rN:        It protects you from negative energy.
   +Blink:    It lets you blink.
 M - the +11 Singing Sword {sonic wave}
   (You took it off a minotaur in a Gauntlet)
 Q - the +12 pair of quick blades "Gyre" and "Gimble" (weapon) {protect}
   (You found it on level 9 of the Dungeon)
Missiles
 f - 29 poisoned darts
 D - 3 boomerangs (quivered)
Armour
 c - the +4 hat of Oblivion (worn) {rPois Will+ Str-4}
   (You found it in a Gauntlet)

   Str:       It affects your strength (-4).
   rPois:     It protects you from poison.
   Will:      It increases your willpower.
 F - a +2 cloak (worn)
 R - a +1 robe of willpower (worn)
 S - a +0 troll leather armour
Jewellery
 y - the ring "Paiz" (left hand) {rF+ Will+ Int+2}
   (You found it on level 4 of the Dungeon)

   [ring of protection from fire]

   Int:       It affects your intelligence (+2).
   rF:        It protects you from fire.
   Will:      It increases your willpower.
 z - a ring of resist corrosion
 A - a ring of protection from fire
 C - an amulet of regeneration (around neck)
 N - a ring of protection from cold (right hand)
Wands
 p - a wand of quicksilver (15)
 t - a wand of charming (14)
 G - a wand of flame (25)
 H - a wand of mindburst (7)
Scrolls
 d - 2 scrolls of magic mapping
 e - 3 scrolls of poison
 l - 4 scrolls of fear
 w - 2 scrolls of blinking
 E - a scroll of torment
 I - 4 scrolls of enchant weapon {unknown}
 L - 2 scrolls of fog
 P - 2 scrolls of immolation
 V - 2 scrolls of amnesia
 W - 2 scrolls of butterflies
 X - a scroll of enchant armour
 Y - 4 scrolls of teleportation
 Z - 2 scrolls of vulnerability
Potions
 a - 4 potions of magic
 h - 2 potions of ambrosia
 i - 2 potions of attraction
 j - 10 potions of degeneration {unknown}
 k - a potion of invisibility {unknown}
 m - 4 potions of lignification
 n - 4 potions of brilliance
 o - 4 potions of flight
 q - 2 potions of cancellation
 r - 11 potions of heal wounds
 s - 10 potions of curing
 u - a potion of might {unknown}
 x - 2 potions of haste
 K - a potion of resistance {unknown}
 O - 3 potions of mutation
Miscellaneous
 g - a phantom mirror
 T - a phial of floods
 U - a tin of tremorstones (2/2)


   Skills:
 + Level 8.1 Fighting
 * Level 10.5 Short Blades
 - Level 14.0 Ranged Weapons
 + Level 0.1 Throwing
 + Level 1.0 Armour
 + Level 6.4 Dodging
 + Level 7.8 Stealth
 * Level 8.0 Invocations
 + Level 1.0 Evocations


You had 11 spell levels left.
You didn't know any spells.
Your spell library contained the following spells:

 Spells                   Type           Power      Damage    Failure   Level
 Apportation              Tloc           0%         N/A       28%         1
 Lesser Beckoning         Tloc           0%         N/A       41%         2
 Poisonous Vapours        Pois/Air       0%         N/A       41%         2
 Sublimation of Blood     Necr           0%         N/A       41%         2
 Gell's Gravitas          Tloc           0%         N/A       65%         3
 Inner Flame              Hex/Fire       0%         N/A       65%         3
 Mephitic Cloud           Conj/Pois/Air  0%         N/A       65%         3
 Teleport Other           Tloc           0%         N/A       65%         3
 Flame Wave               Conj/Fire      0%         2d4       96%         4
 Petrify                  Tmut/Erth      0%         N/A       96%         4
 Sticky Flame             Conj/Fire      0%         2d3       96%         4
 Alistair's Intoxication  Tmut/Pois      0%         N/A       100%        5
 Blade Hands              Tmut           0%         N/A       100%        5
 Freezing Cloud           Conj/Ice/Air   0%         6-21      100%        5
 Irradiate                Conj/Tmut      0%         3d11      100%        5
 Conjure Ball Lightning   Conj/Air       0%         3x3d6     100%        6
 Dragon Form              Tmut           0%         N/A       100%        7
 Discord                  Hex            0%         N/A       100%        8
 Disjunction              Tloc           0%         N/A       100%        8


Dungeon Overview and Level Annotations

Branches:
Dungeon (11/15)            Temple (1/1) D:6            Lair (3/5) D:10
 Spider (0/4) Lair:2        Sewer (visited)         Ossuary (visited)
Gauntlet (visited)
  Swamp: Lair:2-3    Shoals: Lair:2-3       Orc: D:9-12

Altars:
Ashenzari
Cheibriados
Dithmenos
Elyvilon
Gozag
Hepliaklqana
Kikubaaqudgha
Makhleb
Nemelex Xobeh
Okawaru
Qazlal
Ru
Sif Muna
Trog
Uskayaw
Vehumet
Wu Jian
Xom
Yredelemnul
Zin
The Shining One

Shops:
D:3 !

Annotations:
D:3 Sigmund
D:9 Amaemon
Lair:3 Sonja


Innate Abilities, Weirdness & Mutations

You are very small and have problems with some larger weapons.
You are too small for most types of armour.
You have supernaturally acute eyesight. (SInv)
You cover ground extremely quickly. (Speed+++)


Message History

Your Invocations skill increases to level 8!
An orange demon comes into view.
The hellion gestures at you.
The sphere of damnation explodes!
The damnation engulfs you!!
The hellwing gives a chilling moan.
As you read the scroll of teleportation, it crumbles to dust.
You feel strangely unstable.
You feel the power of the Abyss delaying your translocation!
The hellwing swoops through the air toward you!
The hellwing hits you but does no damage.
The hellwing misses you.
Press: ? - help, v - describe, . - travel
Here: a hellwing The floor.
A large abomination comes into view.
An ancient zyme comes into view.
An ancient zyme and a small abomination come into view.
You are suddenly pulled into a different region of the Abyss!
Found a gateway leading out of the Abyss.
There is a gateway leading out of the Abyss here.
You pass through the gate.
Welcome back to the Lair of Beasts!
Level annotation: Sonja You puncture Sonja!
Your weapon exudes an aura of protection.
You puncture Sonja!
Sonja hits you with a +0 dagger of distortion!
* * * LOW HITPOINT WARNING * * *
Space warps around you.
* * * LOW HITPOINT WARNING * * *
Sonja closely misses you.
Sonja hits you with a +0 dagger of distortion.
* * * LOW HITPOINT WARNING * * *
Space warps around you.
* * * LOW HITPOINT WARNING * * *
You feel much better.
Sonja hits you with a +0 dagger of distortion.
* * * LOW HITPOINT WARNING * * *
Space warps horribly around you!!
You die...

#............# ##
###.....#.....P#
#P.#.P.....##....+.....
#...P.....#......#....
#..P..........[.P###.#
##.###.#####.....## .
#..###.### .P....#
#..#..##.##P......
##.....@K..........
#...................
##.............
#.............
#..........)..
#...P#.###.#...
##..###.# .#... #.#.
....+ .. #. # ...#


You could see Sonja.

Vanquished Creatures
  Gastronok (Lair:2)
  A starcursed mass (Abyss:2)
  A minotaur (Gauntlet)
  A hydra (Lair:2)
  An ogre mage (D:10)
  A ghost crab (Gauntlet)
  Erica (Lair:2)
  2 two-headed ogres (D:9)
  A thrashing horror (Gauntlet)
  A manticore (D:10)
  A cyclops (D:10)
  An elephant (Lair:1)
  A black mamba (Lair:2)
  5 cane toads
  A rime drake (Lair:3)
  A komodo dragon (Lair:1)
  An ancient zyme (Abyss:2)
  A kobold demonologist (D:11)
  A burning bush (Lair:1)
  A troll (D:11)
  3 blink frogs (Lair:1)
  2 hornets
  A meliai zombie (D:11)
  A culicivora (Lair:2)
  A spriggan (D:9)
  A wraith (D:10)
  A basilisk (Lair:1)
  21 yaks
  3 wyverns
  A steam dragon (Temple)
  3 vampire mosquitoes
  11 water moccasins
  2 ice beasts
  4 black bears
  6 orc warriors
  2 ogres
  3 wolves (Lair:2)
  4 centaurs
  4 small abominations (Gauntlet)
  A phantom (D:6)
  An elf zombie (Ossuary)
  3 kobold brigands
  11 bullfrogs
  A gnoll sergeant (D:5)
  2 scorpions
  8 wights
  4 killer bees (D:9)
  17 howler monkeys
  An electric eel (Lair:3)
  3 centaur zombies
  2 jellies
  4 orc priests
  4 hounds
  A human zombie (Ossuary)
  5 iguanas
  7 orc wizards
  Natasha (thrice) (D:2)
  2 mummies (Ossuary)
  11 gnolls
  14 adders
  A shadow imp (D:7)
  2 white imps
  An ufetubus (D:6)
  A worm (D:4)
  31 orcs
  21 endoplasms
  19 giant cockroaches
  6 goblins
  6 hobgoblins
  2 jackals (D:3)
  25 kobolds
  18 quokkas
  15 ball pythons
  8 bats
  12 frilled lizards
  3 goblin zombies (Ossuary)
  10 hobgoblin zombies (Ossuary)
  2 jackal zombies (Ossuary)
  9 kobold zombies (Ossuary)
  5 orc zombies (Ossuary)
  6 rats
  2 rat zombies (Ossuary)
409 creatures vanquished.

Notes
Turn   | Place    | Note
-------+----------+-------------------------------------------
     0 | D:1      | monsoonserge the Spriggan Hunter began the quest for the
                  | Orb.
     0 | D:1      | Reached XP level 1. HP: 10/10 MP: 2/2
   149 | D:1      | Reached XP level 2. HP: 15/15 MP: 3/3
   923 | D:1      | Reached XP level 3. HP: 5/18 MP: 4/4
   988 | D:2      | Noticed Natasha
   991 | D:2      | Killed Natasha
   992 | D:2      | Reached skill level 5 in Ranged Weapons
  1049 | D:2      | Reached XP level 4. HP: 23/23 MP: 5/5
  1101 | D:2      | Noticed Natasha
  1175 | D:2      | Killed Natasha
  1663 | D:2      | Noticed Natasha
  1692 | D:2      | Killed Natasha
  1693 | D:2      | Reached XP level 5. HP: 11/26 MP: 6/6
  1891 | D:3      | Noticed Sigmund
  2021 | D:3      | Found Zarutaack's Distillery.
  2030 | D:3      | Bought a potion of curing for 30 gold pieces
  2030 | D:3      | Bought 2 potions of heal wounds for 100 gold pieces
  2112 | D:3      | Reached skill level 6 in Ranged Weapons
  2545 | D:4      | Reached skill level 1 in Evocations
  2556 | D:4      | Reached XP level 6. HP: 20/32 MP: 7/7
  2867 | D:4      | Found a glowing drain.
  2882 | Sewer    | Entered a sewer
  3020 | Sewer    | Reached skill level 7 in Ranged Weapons
  3324 | Sewer    | Reached XP level 7. HP: 33/36 MP: 8/8
  3932 | D:4      | Identified the ring "Paiz" {rF+ Will+ Int+2}
  4030 | D:5      | Entered Level 5 of the Dungeon
  4078 | D:5      | Found a burning altar of Makhleb.
  4092 | D:5      | Reached skill level 8 in Ranged Weapons
  4134 | D:5      | Found a sand-covered staircase.
  4139 | Ossuary  | Entered an ossuary
  4481 | Ossuary  | Reached XP level 8. HP: 42/42 MP: 9/9
  4745 | D:5      | Reached skill level 9 in Ranged Weapons
  5355 | D:6      | Found a stormy altar of Qazlal.
  5553 | D:6      | Found a staircase to the Ecumenical Temple.
  5567 | Temple   | Entered the Ecumenical Temple
  5577 | Temple   | Reached skill level 10 in Ranged Weapons
  6233 | D:6      | Found an opulent altar of Gozag.
  6437 | D:6      | Found an iron altar of Okawaru.
  6469 | D:6      | Became a worshipper of Warmaster Okawaru
  6824 | D:6      | Reached XP level 9. HP: 39/46 MP: 10/10
  7069 | D:6      | Reached skill level 11 in Ranged Weapons
  7133 | D:6      | Reached * piety under Okawaru
  7134 | D:6      | Reached skill level 5 in Fighting
  7245 | D:7      | Reached skill level 1 in Invocations
  8182 | D:8      | Reached ** piety under Okawaru
  8199 | D:8      | Reached skill level 5 in Dodging
  8307 | D:8      | Reached skill level 12 in Ranged Weapons
  8783 | D:9      | Reached XP level 10. HP: 53/53 MP: 13/13
  8830 | D:9      | Noticed Amaemon
  8834 | D:9      | Noticed an orange demon
  8993 | D:9      | Reached *** piety under Okawaru
  9014 | D:9      | Found a shimmering blue altar of Sif Muna.
  9533 | D:10     | Entered Level 10 of the Dungeon
  9617 | D:10     | Identified the +8 short sword of Ihemiw {holy, rC+}
  9733 | D:10     | Reached **** piety under Okawaru
  9823 | D:10     | Reached skill level 13 in Ranged Weapons
  9878 | D:10     | Found a staircase to the Lair.
 10111 | D:10     | Found a radiant altar of Vehumet.
 10192 | D:10     | Noticed a cyclops
 10202 | D:10     | Noticed a cyclops
 10296 | D:9      | Noticed a two-headed ogre
 10326 | D:9      | Killed a two-headed ogre
 10346 | D:9      | Noticed a two-headed ogre
 10423 | D:9      | Killed a two-headed ogre
 10423 | D:9      | Reached ***** piety under Okawaru
 10424 | D:9      | Reached skill level 5 in Invocations
 10479 | D:9      | Reached XP level 11. HP: 45/58 MP: 15/15
 10495 | D:9      | Found the +12 pair of quick blades "Gyre" and "Gimble"
                  | {protect}
 10727 | D:10     | Reached skill level 1 in Short Blades
 10857 | D:10     | Noticed an ogre mage
 10864 | D:10     | Killed an ogre mage
 10970 | D:10     | Found a snail-covered altar of Cheibriados.
 11203 | D:11     | Reached skill level 14 in Ranged Weapons
 11305 | D:11     | Found a basalt altar of Yredelemnul.
 11397 | D:10     | Found a sacrificial altar of Ru.
 11397 | D:10     | Found a basalt altar of Yredelemnul.
 11570 | Lair:1   | Entered Level 1 of the Lair of Beasts
 11577 | Lair:1   | Reached ****** piety under Okawaru
 11600 | Lair:1   | Received a gift from Okawaru
 11627 | Lair:1   | Found a gate leading to a gauntlet.
 11658 | Gauntlet | Entered a Gauntlet
 11658 | Gauntlet | Found a transporter.
 11662 | Gauntlet | Found a transporter.
 11662 | Gauntlet | Noticed a thrashing horror
 11663 | Gauntlet | Found a transporter.
 11667 | Gauntlet | Found a transporter.
 11668 | Gauntlet | Found a transporter.
 11670 | Gauntlet | Found a transporter.
 11670 | Gauntlet | Noticed a thrashing horror
 11673 | Gauntlet | Noticed a ghost crab
 11678 | Gauntlet | Found a transporter.
 11697 | Gauntlet | Found a transporter.
 11714 | Gauntlet | Found a transporter.
 11718 | Gauntlet | Found a transporter.
 11726 | Gauntlet | Found a transporter.
 11773 | Gauntlet | Found a transporter.
 11775 | Gauntlet | Noticed a catoblepas
 11886 | Gauntlet | Killed a ghost crab
 11887 | Gauntlet | Reached skill level 5 in Short Blades
 11887 | Gauntlet | Reached skill level 5 in Stealth
 11899 | Gauntlet | Identified the +4 hat of Oblivion {rPois Will+ Str-4}
 11929 | Gauntlet | Killed a thrashing horror
 11950 | Gauntlet | Identified the +1 pair of gloves of Springtime {Dex+5}
 11963 | Gauntlet | Identified the +2 arbalest of Wyluasynt {drain, +Blink rN+
                  | Dex+4}
 11963 | Gauntlet | Noticed a minotaur
 11977 | Gauntlet | Killed a minotaur
 12193 | Lair:1   | Reached XP level 12. HP: 64/64 MP: 16/18
 12853 | Lair:2   | Noticed Erica
 12870 | Lair:2   | Killed Erica
 12909 | Lair:2   | Noticed a six-headed hydra
 12931 | Lair:2   | Killed a six-headed hydra
 13068 | Lair:2   | Noticed Gastronok
 13086 | Lair:2   | Killed Gastronok
 13086 | Lair:2   | Received a gift from Okawaru
 13187 | Lair:2   | Reached skill level 10 in Short Blades
 13523 | Lair:2   | Found a hole to the Spider Nest.
 13741 | Lair:3   | Identified the +6 trident of the Spider Nest {speed, *Noise
                  | Str+3 Dex+2}
 13864 | Lair:3   | Noticed Sonja
 13874 | Abyss:2  | Cast into level 2 of the Abyss (Sonja)
 13901 | Abyss:2  | Noticed a starcursed mass
 13934 | Abyss:2  | Killed a starcursed mass
 13935 | Abyss:2  | Reached skill level 1 in Armour
 13950 | Abyss:2  | Noticed a tentacled starspawn
 13997 | Lair:3   | Escaped the Abyss
 13998 | Lair:3   | HP: 3/64 [Sonja/+0 dagger of distortion (1)]
 13999 | Lair:3   | Mangled by Sonja

Illustrated notes

Levels and vault maps discovered:
D:1:      dpeg_arrival_stonehenge_8_columns, layout_basic
D:2:      layout_basic, grunt_decor_clamped, uniq_natasha
D:3:      layout_loops_cross, serial_shops, shop, uniq_sigmund
D:4:      layout_basic, portal_sewer_entry_b, dreamdust_wishing_well,
          minmay_misc_feat_rows
D:5:      layout_basic, mainiacjoe_overflow_boulevard,
          nicolae_ossuary_entry_monument, grunt_decor_resistance
D:6:      layout_basic, okawaru_altar_gauntlet_db, grunt_gozag_statues,
          nicolae_qazlal_scattered_showers, minmay_temple_entry_junction_2,
          chequers_serial_rivers_large_b
D:7:      layout_rooms
D:8:      layout_loops_ring
D:9:      layout_roguey, mainiacjoe_overflow_brackets, grunt_ministairs_9,
          hellmonk_guarded_unrand_gyre_and_gimble, uniq_amaemon
D:10:     layout_cave_pods, nicolae_overflow_hidden_temple,
          grunt_lair_entry_orc_guard_hut, kb_rosetta
D:11:     layout_basic, david_orc_5, serial_shops, nicolae_inconvenience_store,
          lemuel_zombie_altar_yredelemnul, uniq_maurice
Temple:   nicolae_temple_slightly_damp_pantheon
Lair:1:   layout_loops_ring, gauntlet_entry_generic, st_stairs_11,
          evilmike_ambush [evilmike_ambush_outer_pillars,
          evilmike_ambush_inner_cross], lemuel_fruit_tree, grunt_megastairs_4
Lair:2:   layout_regular_city, spider_nest_entry_rubble,
          infiniplex_staircase_pool, grunt_megastairs_1, uniq_gastronok,
          uniq_erica
Lair:3:   layout_regular_city, minmay_swamp_entry_worms, serial_bayou_lagoon_b,
          uniq_sonja, uniq_snorg

Skill      XL: |  1  2  3  4  5  6  7  8  9 10 11 12 |
---------------+-------------------------------------+-----
Fighting       | 2 3 4 5 7 8 |  8.1
Ranged Weapons | 5 6 7 8 10 12 13 14 | 14.0
Dodging        | 3 4 5 6 |  6.4
Stealth        | 2 3 5 7 |  7.8
Evocations     | 1 |  1.0
Invocations    | 3 5 6 8 |  8.0
Short Blades   | 7 10 | 10.5
Armour         | 1 |  1.0
Throwing       | |  0.1

Action                     |  1- 3 |  4- 6 |  7- 9 | 10-12 || total
---------------------------+-------+-------+-------+-------++-------
  Melee: Pair of quick bla |       |       |       |   333 ||   333
   Fire: Shortbow          |    48 |       |       |       ||    48
         Sling             |    33 |   292 |   572 |   328 ||  1225
  Throw: Boomerang         |       |       |       |     3 ||     3
 Invoke: Heroism           |       |       |       |     2 ||     2
         Finesse           |       |       |       |     2 ||     2
    Use: Potion            |       |     1 |     1 |     1 ||     3
         Scroll            |       |       |    12 |    11 ||    23
   Stab: Sleeping          |       |       |       |    10 ||    10
         Distracted        |       |       |       |     1 ||     1
 Armour: Robe              |     4 |    17 |     7 |    14 ||    42
         Troll leather arm |       |       |       |    39 ||    39
  Dodge: Dodged            |    28 |   115 |   182 |   170 ||   495
